 Dungeon Crawl Stone Soup version 0.23.2-33-g5129a83184 (webtiles) character file.

Game seed: 10644816096495276547

209080 dragonscale333 the Brawler (level 18, -2/193 HPs)
             Began as a Troll Monk on July 21, 2019.
             Was the Champion of Ru.
             Killed from afar by a deep elf high priest (22 damage)
             ... with damnation
             ... on level 3 of the Elven Halls.
             The game lasted 01:51:20 (35585 turns).

dragonscale333 the Brawler (Troll Monk)            Turns: 35585, Time: 01:51:20

Health: -2/193     AC: 17    Str: 31    XL:     18   Next: 14%
Magic:  18/18      EV: 14    Int: 10    God:    Ru [******]
Gold:   555        SH: 14    Dex: 14    Spells: 17/17 levels left

rFire    . . .     SeeInvis +     - Unarmed
rCold    + . .     Gourm    +   i - +2 shield of Resistance {rF+ rC+ MR+}
rNeg     + + .     Faith    .   X - +5 robe of Night {Dark MR+ SInv}
rPois    .         Spirit   .   y - +2 hat {Int+3}
rElec    .         Reflect  .   Y - +2 cloak {+Inv}
rCorr    .         Harm     .   (gloves unavailable)
MR       +++..     Clarity  +   (boots unavailable)
Stlth    ++........             (no amulet)
HPRegen  0.82/turn              Z - ring of see invisible
MPRegen  0.16/turn              M - ring "Bucemm" {rC+ rN++ Str+2 Dex+4}

@: studying Short Blades
A: large, unfitting armour, claws 3, clarity, clumsy 1, fast metabolism 3,
gourmand, low mp 2, sense surroundings 1, regeneration 1, shaggy fur 1, tough
skin 3, hated by all, no conjurations magic, no fire magic, no hexes magic,
temperature sensitive
}: 1/15 runes: barnacled
a: Draw Out Power, Power Leap, Apocalypse, Renounce Religion, Evoke Invisibility


You were on level 3 of the Elven Halls.
You worshipped Ru.
Ru was exalted by your worship.
You were very full.

You visited 5 branches of the dungeon, and saw 28 of its levels.
You also visited: Sewer.

You collected 3124 gold pieces.
You spent 2569 gold pieces at shops.

Inventory:

Hand Weapons
 v - the cursed +1 long sword of the Ass {slice, Int+4, unknown}
   (You found it on level 1 of the Elven Halls)

   It inflicts extra damage upon your enemies.
   It affects your intelligence (+4).
   It has a curse placed upon it.
Missiles
 x - 10 poisoned tomahawks
 A - 4 throwing nets
 B - 89 tomahawks
 C - 60 large rocks (quivered)
Armour
 i - the +2 shield of Resistance (worn) {rF+ rC+ MR+}
   (You bought it in a shop on level 2 of the Orcish Mines)

   It protects you from fire.
   It protects you from cold.
   It affects your resistance to hostile enchantments.
 j - a +2 robe of magic resistance
 y - a +2 hat of intelligence (worn)
 G - a +2 robe of cold resistance
 J - a +5 shield of protection
 N - the +3 hat of Pondering {ponderous, MR+ MP+10 Int+5}
   (You took it off Gastronok on level 1 of the Lair of Beasts)

   It affects your intelligence (+5).
   It affects your resistance to hostile enchantments.
   It affects your magic capacity (+10).
 X - the +5 robe of Night (worn) {Dark MR+ SInv}
   (You found it on level 4 of the Shoals)

   It affects your resistance to hostile enchantments.
   It lets you see invisible.
 Y - a +2 cloak of invisibility (worn)
Jewellery
 u - a +5 ring of strength
 F - a cursed ring of teleportation
 M - the ring "Bucemm" (right claw) {rC+ rN++ Str+2 Dex+4}
   (You bought it in a shop on level 2 of the Orcish Mines)

   [ring of protection from cold]

   It affects your strength (+2).
   It affects your dexterity (+4).
   It protects you from cold.
   It greatly protects you from negative energy.
 R - an uncursed ring of protection from magic
 S - an uncursed ring of wizardry
 V - an uncursed ring of protection from fire
 Z - a ring of see invisible (left claw)
Wands
 m - a wand of enslavement (11)
 o - a wand of disintegration (33)
 r - a wand of random effects (25)
 H - a wand of polymorph (29)
 O - a wand of iceblast (8)
 P - a wand of paralysis (11)
Scrolls
 c - 12 scrolls of remove curse
 d - 3 scrolls of enchant armour
 e - a scroll of identify
 f - 3 scrolls of enchant weapon
 k - 5 scrolls of amnesia
 q - 6 scrolls of immolation
 w - 5 scrolls of noise
 E - a scroll of silence
 L - 5 scrolls of fog
 Q - a scroll of fear
Potions
 a - 5 potions of brilliance
 g - 3 potions of mutation
 h - a potion of haste
 l - 2 potions of agility
 n - 3 potions of curing
 p - 3 potions of flight
 s - 3 potions of might
 z - 6 potions of lignification
 D - a potion of invisibility
 W - a potion of ambrosia
Books
 I - a manual of Short Blades
Comestibles
 b - 45 rations


   Skills:
 - Level 15.0 Fighting
 - Level 10.0 Throwing
 + Level 8.2 Armour
 - Level 8.0 Dodging
 - Level 1.0 Stealth
 - Level 9.0 Shields
 - Level 17.0 Unarmed Combat
 - Level 9.0 Evocations


You had 17 spell levels left.
You didn't know any spells.
Your spell library contained the following spells:

 Spells                   Type           Power        Failure   Level  Hunger
 Apportation              Tloc           #.....       36%         1    ##.....
 Freeze                   Ice            #...         36%         1    ##.....
 Infusion                 Chrm           #...         36%         1    ##.....
 Pain                     Necr           #...         36%         1    ##.....
 Shroud of Golubria       Chrm/Tloc      #.........   50%         2    ###....
 Song of Slaying          Chrm           #.......     50%         2    ###....
 Sublimation of Blood     Necr           #.........   50%         2    ###....
 Ozocubu's Armour         Chrm/Ice       #.......     75%         3    ####...
 Regeneration             Chrm/Necr      #.........   75%         3    ####...
 Vampiric Draining        Necr           #.........   75%         3    ####...
 Borgnjor's Vile Clutch   Necr/Erth      #.........   100%        5    ######.
 Dispel Undead            Necr           #.......     100%        5    ######.
 Animate Skeleton         Necr           Unusable     N/A         1    N/A
 Confusing Touch          Hex            Unusable     N/A         1    N/A
 Corona                   Hex            Unusable     N/A         1    N/A
 Flame Tongue             Conj/Fire      Unusable     N/A         1    N/A
 Summon Small Mammal      Summ           Unusable     N/A         1    N/A
 Call Imp                 Summ           Unusable     N/A         2    N/A
 Ensorcelled Hibernation  Hex/Ice        Unusable     N/A         2    N/A
 Throw Flame              Conj/Fire      Unusable     N/A         2    N/A
 Throw Frost              Conj/Ice       Unusable     N/A         2    N/A
 Call Canine Familiar     Summ           Unusable     N/A         3    N/A
 Confuse                  Hex            Unusable     N/A         3    N/A
 Conjure Flame            Conj/Fire      Unusable     N/A         3    N/A
 Dazzling Spray           Conj/Hex       Unusable     N/A         3    N/A
 Inner Flame              Hex/Fire       Unusable     N/A         3    N/A
 Spectral Weapon          Hex/Chrm       Unusable     N/A         3    N/A
 Summon Guardian Golem    Hex/Summ       Unusable     N/A         3    N/A
 Tukima's Dance           Hex            Unusable     N/A         3    N/A
 Animate Dead             Necr           Unusable     N/A         4    N/A
 Cause Fear               Hex            Unusable     N/A         4    N/A
 Sticky Flame             Conj/Fire      Unusable     N/A         4    N/A
 Summon Ice Beast         Ice/Summ       Unusable     N/A         4    N/A
 Summon Lightning Spire   Summ/Air       Unusable     N/A         4    N/A
 Throw Icicle             Conj/Ice       Unusable     N/A         4    N/A
 Bolt of Magma            Conj/Fire/Erth Unusable     N/A         5    N/A
 Fireball                 Conj/Fire      Unusable     N/A         5    N/A
 Iskenderun's Battlesphe  Conj/Chrm      Unusable     N/A         5    N/A
 Venom Bolt               Conj/Pois      Unusable     N/A         5    N/A
 Iron Shot                Conj/Erth      Unusable     N/A         6    N/A
 Malign Gateway           Summ/Tloc      Unusable     N/A         7    N/A
 Monstrous Menagerie      Summ           Unusable     N/A         7    N/A
 Orb of Destruction       Conj           Unusable     N/A         7    N/A
 Spellforged Servitor     Conj/Summ      Unusable     N/A         7    N/A
 Summon Greater Demon     Summ           Unusable     N/A         7    N/A
 Summon Horrible Things   Summ           Unusable     N/A         8    N/A

Dungeon Overview and Level Annotations

Branches:
Dungeon (13/15)            Temple (0/1) D:6            Lair (6/6) D:9
 Shoals (4/4) Lair:4       Spider (0/4) Lair:4        Slime (0/5) Lair:5
    Orc (2/2) D:9             Elf (3/3) Orc:2
 Vaults: D:13-14

Altars:
Dithmenos
Elyvilon
Gozag
Hepliaklqana
Makhleb
Qazlal
Ru
Uskayaw
Vehumet
Yredelemnul
Zin
The Shining One
Jiyva

Shops:
D:7 (:?:[   Orc:2 =[*:   Elf:2 [


Innate Abilities, Weirdness & Mutations

You are too large for most types of armour.
You have claws for hands.
You are clumsy. (Dex -2)
Your metabolism is lightning-fast.
You like to eat raw meat.
Your magical capacity is very low. (-20% MP)
Your natural rate of healing is unusually fast.
You are covered in fur. (AC +1)
You have extremely tough skin. (AC +3)
You are hated by all.
You cannot study or cast Conjurations magic.
You cannot study or cast Fire magic.
You cannot study or cast Hexes magic.
You are sensitive to extremes of temperature. (rF-, rC-)
You possess an exceptional clarity of mind.
You passively map a small area around you.


Message History

The deep elf high priest begins to pray, but is stunned by your will!
Unknown command.
Unknown command.
Evoke which item? (* to show all) (? for menu, Esc to quit)
Aiming: Iceblast
Press: ? - help, Shift-Dir - straight line The mass of ice explodes!
The iceblast engulfs the deep elf high priest!
The deep elf high priest is heavily wounded.
The iceblast engulfs the deep elf archer!!
The deep elf archer is almost dead.
The deep elf archer shoots an arrow.
The arrow hits you!!
* * * LOW HITPOINT WARNING * * *
Unknown command.
Unknown command.
Okay, then.
You feel better.
The deep elf high priest mumbles some strange prayers to its god against you.
The sphere of damnation explodes!
The damnation engulfs you!!
You die...

♣..# ..# ..## #).# ...#
.#.##
)#..#####################
.............(...(......#
#....)##......8.@8..8....
##.)..)##.......))e......
#)).)).##...####)####...
#.#.).....###...e)..# #.
#.##....###...8...8... **
* #..##).##, ...........
, #...#.## .###....##e *
#.....# , ###.e. *
#....## * , * ,


You could see a deep elf archer and a deep elf high priest.

Vanquished Creatures
  Nikola (Elf:1)
  Jorgrun (Shoals:3)
  Asterion (Elf:1)
  A deep elf master archer (Elf:3)
  Gastronok (Lair:1)
  Polyphemus (Shoals:2)
  The ghost of Tang the Devastator, an adept TeAE of Sif Muna (Shoals:1)
  Agnes (Elf:1)
  Ilsuiw (Shoals:2)
  3 deep elf sorcerers (Elf:3)
  Roxanne (Elf:1)
  Louise (Shoals:2)
  4 deep elf elementalists
  A stone giant (Shoals:1)
  4 deep elf demonologists
  6 deep elf annihilators
  3 dire elephants (Lair:6)
  4 merfolk javelineers
  3 deep elf death magi (Elf:3)
  10 merfolk impalers
  3 deep elf high priests
  4 ogre magi
  2 peacekeepers (Elf:1)
  Harold (D:8)
  5 hydras
  The ghost of louis the Magician, a novice DrTm of Wu Jian (D:10)
  2 catoblepae
  2 merfolk avatars
  2 centaur warriors (Shoals:1)
  An anaconda (Lair:6)
  A tengu warrior (D:13)
  A satyr (Shoals:1)
  30 dancing weapons
  3 alligator snapping turtles
  15 two-headed ogres
  A merfolk aquamancer (Shoals:1)
  3 death yaks (Shoals:3)
  8 deep elf knights
  14 sea snakes
  An unseen horror (D:10)
  2 orc knights
  A kraken simulacrum (Shoals:4)
  4 deep elf archers
  A wolf spider zombie (D:13)
  10 harpies
  40 deep elf magi
  11 cyclopes
  17 elephants
  12 manticores
  2 ugly things
  8 fauns (Shoals:1)
  11 merfolk sirens
  Psyche (D:8)
  6 black mambas
  2 water nymphs
  2 gargoyles
  Joseph (D:8)
  A torpor snail (Lair:4)
  15 spiny frogs
  2 rime drakes
  A centaur skeleton (D:12)
  A small abomination (Elf:3)
  8 komodo dragons
  A spectral water nymph (Shoals:1)
  3 spectral merfolk (Shoals:1)
  7 trolls
  24 merfolk
  A spectral harpy (Shoals:1)
  A queen bee (D:10)
  A hornet (D:10)
  6 slime creatures
  26 dream sheep
  A spectral manticore (Shoals:1)
  11 blink frogs
  8 wind drakes
  5 snapping turtles
  A meliai zombie (D:13)
  13 hippogriffs
  Sigmund (D:4)
  4 water elementals
  40 yaks
  A tarantella (Lair:4)
  6 wyverns
  An air elemental (Elf:3)
  A wraith (D:13)
  3 fire elementals (Elf:1)
  6 basilisks
  4 vampire mosquitoes
  4 hungry ghosts
  3 wargs
  A harpy simulacrum (Shoals:1)
  10 water moccasins
  A spectral snapping turtle (Shoals:1)
  8 porcupines
  2 sky beasts
  27 orc warriors
  3 ice beasts
  A phantom (D:8)
  A necrophage (D:5)
  6 wolves
  3 merfolk simulacra (Shoals:1)
  32 ogres
  12 crocodiles
  12 centaurs
  2 big kobolds
  9 bullfrogs
  An earth elemental (Elf:3)
  A wyvern skeleton (D:13)
  A water moccasin skeleton (D:5)
  6 scorpions
  11 killer bees
  3 wights (D:10)
  A howler monkey (D:5)
  3 crimson imps
  A bullfrog zombie (D:9)
  2 quasits
  2 centaur zombies
  3 jellies
  21 orc priests
  3 hounds
  26 orc wizards
  A bullfrog skeleton (D:11)
  3 iguanas
  6 hell rats
  11 worker ants
  A hound skeleton (D:10)
  A worker ant zombie (D:8)
  19 adders
  12 river rats
  4 shadow imps
  5 worms
  4 dart slugs
  6 leopard geckos
  105 orcs
  6 ball pythons
  11 bats
  9 giant cockroaches
  9 goblins
  10 hobgoblins
  6 jackals
  27 kobolds
  3 quokkas
  3 frilled lizards
  A jackal zombie (D:8)
  29 rats
  A butterfly (Lair:2)
  4 plants (Lair:6)
1003 creatures vanquished.

Vanquished Creatures (others)
  A deep elf elementalist (Elf:3)
  2 hydras
  A dancing weapon (Elf:2)
  A death yak (Shoals:3)
  3 deep elf magi
  2 merfolk (Shoals:3)
  A dream sheep (Shoals:1)
  A snapping turtle (Lair:4)
  An orc warrior (Orc:1)
  A wolf (Lair:5)
  A bullfrog (Lair:1)
  An orc wizard (Orc:2)
  An orc (D:9)
  9 fungi
  6 plants
  8 tentacles (Shoals:4)
40 creatures vanquished.

Grand Total: 1043 creatures vanquished

Notes
Turn   | Place    | Note
-------+----------+-------------------------------------------
     0 | D:1      | dragonscale333 the Troll Monk began the quest for the Orb.
     0 | D:1      | Reached XP level 1. HP: 22/22 MP: 0/0
    76 | D:1      | Reached XP level 2. HP: 29/29 MP: 1/1
   293 | D:1      | Reached XP level 3. HP: 28/36 MP: 2/2
   526 | D:1      | Reached skill level 4 in Unarmed Combat
   623 | D:2      | Noticed a hungry ghost
   648 | D:1      | Killed a hungry ghost
   648 | D:1      | Reached skill level 5 in Unarmed Combat
   648 | D:1      | Reached XP level 4. HP: 41/44 MP: 3/3
   648 | D:1      | Reached XP level 5. HP: 46/50 MP: 4/4
   830 | D:2      | Found a sacrificial altar of Ru.
  1060 | D:2      | Found a stormy altar of Qazlal.
  1247 | D:2      | Reached skill level 6 in Unarmed Combat
  1410 | D:2      | Became a worshipper of Ru the Awakened
  1414 | D:2      | Gained mutation: You are hated by all. [Ru sacrifice]
  1414 | D:2      | Reached * piety under Ru
  1441 | D:3      | Reached XP level 6. HP: 42/59 MP: 5/5
  1990 | D:3      | Found a white marble altar of Elyvilon.
  2204 | D:4      | Reached skill level 7 in Unarmed Combat
  2407 | D:4      | Found a basalt altar of Yredelemnul.
  2457 | D:4      | Noticed Sigmund
  2468 | D:4      | Killed Sigmund
  2468 | D:4      | Reached XP level 7. HP: 50/66 MP: 6/6
  2652 | D:5      | Entered Level 5 of the Dungeon
  2660 | D:5      | Reached skill level 8 in Unarmed Combat
  2682 | D:5      | Found a glowing drain.
  2717 | Sewer    | Entered a sewer
  3042 | Sewer    | Reached skill level 9 in Unarmed Combat
  3324 | D:5      | Found a glowing golden altar of the Shining One.
  3326 | D:5      | Found a radiant altar of Vehumet.
  3448 | D:5      | Reached XP level 8. HP: 69/78 MP: 7/7
  3483 | D:5      | Found a hazy altar of Hepliaklqana.
  3943 | D:5      | Reached skill level 5 in Fighting
  4074 | D:6      | Found an opulent altar of Gozag.
  4145 | D:6      | Noticed a +0 dagger
  4146 | D:6      | Noticed a +0 hand axe
  4150 | D:6      | Found a hide-covered altar of Uskayaw.
  4152 | D:6      | Found a staircase to the Ecumenical Temple.
  4893 | D:7      | Found Imeich's Antique Weapon Boutique.
  4954 | D:7      | Found Alohaly's Magic Scroll Emporium.
  4976 | D:7      | Bought a scroll of identify for 22 gold pieces
  4976 | D:7      | Bought a scroll of magic mapping for 38 gold pieces
  4976 | D:7      | Bought a scroll of noise for 11 gold pieces
  4981 | D:7      | Found the +4 dagger "Morg" {pain, MR+ Int+5}
  4986 | D:7      | Found Taoc Lechu's Book Emporium.
  5003 | D:7      | Noticed a hippogriff
  5019 | D:7      | Killed a hippogriff
  5019 | D:7      | Reached skill level 5 in Dodging
  5073 | D:7      | Found Xuedumif's Book Boutique.
  5124 | D:7      | Found Sezabix's Armour Emporium.
  5130 | D:7      | Bought a +0 cloak for 72 gold pieces
  5287 | D:6      | Reached XP level 9. HP: 63/88 MP: 8/8
  5398 | D:8      | Noticed Joseph
  5408 | D:8      | Killed Joseph
  5566 | D:8      | Found a shadowy altar of Dithmenos.
  5617 | D:8      | Noticed Harold
  5665 | D:8      | Killed Harold
  5889 | D:8      | Noticed Psyche
  5894 | D:8      | Killed Psyche
  5894 | D:8      | Reached XP level 10. HP: 96/96 MP: 9/9
  5905 | D:8      | Noticed a two-headed ogre
  5912 | D:8      | Killed a two-headed ogre
  5912 | D:8      | Reached skill level 10 in Unarmed Combat
  6237 | D:8      | Found a burning altar of Makhleb.
  6241 | D:8      | Found a glowing silver altar of Zin.
  6241 | D:8      | Noticed an angel
  6242 | D:8      | Noticed a balrug
  6252 | D:8      | You fall through a shaft!
  6508 | D:9      | Found a staircase to the Lair.
  6613 | D:9      | Found a staircase to the Orcish Mines.
  6634 | D:9      | Reached skill level 11 in Unarmed Combat
  6982 | D:10     | Entered Level 10 of the Dungeon
  7039 | D:10     | Noticed a two-headed ogre
  7045 | D:10     | Killed a two-headed ogre
  7045 | D:10     | Reached skill level 12 in Unarmed Combat
  7088 | D:10     | Found a transporter.
  7092 | D:10     | Found a transporter.
  7092 | D:10     | Noticed louis's ghost (novice DrTm)
  7399 | D:10     | Reached XP level 11. HP: 84/107 MP: 10/10
  7552 | D:10     | Killed an unseen horror
  7679 | D:10     | You fall through a shaft for 2 floors!
  8063 | D:12     | Reached skill level 1 in Throwing
  8422 | D:11     | Noticed a red ugly thing
  8432 | D:11     | Killed a red ugly thing
  8432 | D:11     | Reached skill level 5 in Throwing
  9076 | D:10     | Noticed a red ugly thing
  9084 | D:10     | Killed a red ugly thing
  9269 | D:10     | Killed louis's ghost
  9822 | D:11     | Reached XP level 12. HP: 105/124 MP: 11/11
  9886 | D:11     | Gained mutation: You are sensitive to extremes of
                  | temperature. (rF-, rC-) [Ru sacrifice]
  9886 | D:11     | Reached ** piety under Ru
  9886 | D:11     | Reached *** piety under Ru
  9886 | D:11     | Reached **** piety under Ru
  9925 | D:11     | Gained mutation: You possess an exceptional clarity of
                  | mind. [potion of mutation]
  9925 | D:11     | Gained mutation: You passively map a small area around you.
                  | [potion of mutation]
 10186 | D:12     | Reached skill level 10 in Fighting
 10343 | D:12     | Noticed a two-headed ogre
 10351 | D:12     | Killed a two-headed ogre
 10629 | Lair:1   | Entered Level 1 of the Lair of Beasts
 10928 | Lair:1   | Noticed Gastronok
 10943 | Lair:1   | Killed Gastronok
 10943 | Lair:1   | Reached skill level 13 in Unarmed Combat
 11059 | Lair:1   | Noticed a seven-headed hydra
 11386 | D:13     | Reached skill level 1 in Evocations
 12307 | D:13     | Noticed a tengu warrior
 12321 | D:13     | Killed a tengu warrior
 12756 | Lair:1   | Noticed a six-headed hydra
 12824 | Orc:1    | Entered Level 1 of the Orcish Mines
 12970 | Orc:1    | Reached skill level 1 in Shields
 13054 | Orc:1    | Reached skill level 14 in Unarmed Combat
 13771 | Orc:2    | Entered Level 2 of the Orcish Mines
 13786 | Orc:1    | Reached XP level 13. HP: 97/133 MP: 14/14
 14564 | Orc:2    | Found a staircase to the Elven Halls.
 14916 | Orc:2    | Found Sidufiyr's Book Emporium.
 14916 | Orc:2    | Found Bijadyum's Antique Armour Boutique.
 15378 | Orc:2    | Reached skill level 5 in Shields
 16226 | Orc:2    | Found Qeuv's General Store.
 16226 | Orc:2    | Found Beisk's Jewellery Shoppe.
 16234 | Orc:2    | Bought the +2 shield of Resistance {rF+ rC+ MR+} for 657
                  | gold pieces
 16234 | Orc:2    | Found the +2 shield of Resistance {rF+ rC+ MR+}
 16235 | Orc:2    | Bought the ring "Bucemm" {rC+ rN++ Str+2 Dex+4} for 991
                  | gold pieces
 17012 | Lair:2   | Got an encrusted whip
 17245 | Lair:2   | Reached XP level 14. HP: 140/143 MP: 16/16
 17843 | Lair:2   | Identified the +5 whip "Sujim" {antimagic, Int+2} (You
                  | found it on level 2 of the Lair of Beasts)
 18802 | Lair:3   | Reached skill level 15 in Unarmed Combat
 19305 | Lair:4   | Gained mutation: Your magical capacity is low. (-10% MP)
                  | [Ru sacrifice]
 19449 | Lair:4   | Reached skill level 5 in Evocations
 19540 | Lair:4   | Found a staircase to the Shoals.
 19582 | Lair:4   | Found a hole to the Spider Nest.
 21168 | Lair:5   | Gained mutation: You cannot study or cast Fire magic. [Ru
                  | sacrifice]
 21168 | Lair:5   | Gained mutation: You cannot study or cast Hexes magic. [Ru
                  | sacrifice]
 21168 | Lair:5   | Gained mutation: You cannot study or cast Conjurations
                  | magic. [Ru sacrifice]
 21168 | Lair:5   | Reached ***** piety under Ru
 21197 | Lair:5   | Found a staircase to the Slime Pits.
 21197 | Lair:5   | Found a viscous altar of Jiyva.
 21390 | Lair:6   | Entered Level 6 of the Lair of Beasts
 22157 | Lair:6   | Reached XP level 15. HP: 128/149 MP: 16/16
 23035 | Shoals:1 | Entered Level 1 of the Shoals
 23303 | Shoals:1 | Found a runed translucent gate.
 23304 | Shoals:1 | Found a runed translucent gate.
 23305 | Shoals:1 | Found a runed translucent gate.
 23327 | Shoals:1 | Reached skill level 16 in Unarmed Combat
 23502 | Shoals:1 | Noticed Tang's ghost (adept TeAE)
 24224 | Shoals:1 | Reached skill level 17 in Unarmed Combat
 24621 | Orc:2    | Bought a glowing cloak for 172 gold pieces
 24632 | Orc:2    | Bought an uncursed ring of see invisible for 270 gold
                  | pieces
 24965 | Shoals:1 | Killed Tang's ghost
 25402 | Shoals:2 | Noticed Ilsuiw
 25412 | Shoals:2 | Noticed Louise
 25617 | Shoals:2 | Noticed Polyphemus
 26073 | Shoals:2 | Killed Louise
 26123 | Shoals:2 | Reached XP level 16. HP: 156/163 MP: 17/17
 26132 | Shoals:2 | Killed Polyphemus
 26398 | Shoals:2 | Killed Ilsuiw
 27013 | Shoals:3 | Noticed Jorgrun
 27062 | Shoals:3 | Killed Jorgrun
 27517 | Shoals:4 | Entered Level 4 of the Shoals
 28221 | Shoals:4 | Gained mutation: You are clumsy. (Dex -2) [Ru sacrifice]
 28396 | Shoals:4 | Identified the Catalogue of Enthralling Evil
 28877 | Shoals:4 | Got a barnacled rune of Zot
 29612 | Shoals:4 | HP: 1/169 [merfolk impaler/+2 trident of venom (18)]
 29863 | Shoals:4 | Found the +5 robe of Night {Dark MR+ SInv}
 30312 | Elf:1    | Entered Level 1 of the Elven Halls
 30359 | Elf:1    | Noticed Roxanne
 30608 | Elf:1    | Killed Roxanne
 30697 | Elf:1    | Found a ruined gateway.
 30697 | Elf:1    | Noticed Asterion
 30997 | Elf:1    | Killed Asterion
 31077 | Elf:1    | Got a blackened long sword
 31117 | Elf:1    | Noticed Agnes
 31131 | Elf:1    | Killed Agnes
 31131 | Elf:1    | Reached XP level 17. HP: 96/176 MP: 11/20
 31342 | Elf:1    | Noticed Nikola
 31705 | Elf:1    | Killed Nikola
 32385 | Elf:1    | Reached skill level 10 in Throwing
 32629 | Elf:2    | Found Efomoch's Armour Boutique.
 32636 | Elf:2    | Bought a +2 hat of intelligence for 336 gold pieces
 33501 | Elf:2    | Found a runed translucent gate.
 33501 | Elf:2    | Found a runed translucent gate.
 33502 | Elf:2    | Found a runed translucent gate.
 33592 | Elf:2    | HP: 6/180 [deep elf mage/bolt of lightning (32)]
 33628 | Elf:2    | HP: 4/180 [+4 mace of protection (15)]
 34184 | Elf:2    | Gained mutation: Your magical capacity is very low. (-20%
                  | MP) [Ru sacrifice]
 34184 | Elf:2    | Reached ****** piety under Ru
 35052 | Elf:3    | Entered Level 3 of the Elven Halls
 35062 | Elf:3    | Reached skill level 15 in Fighting
 35335 | Elf:3    | Reached XP level 18. HP: 78/193 MP: 12/18
 35572 | Elf:3    | Noticed an Ice Fiend
 35584 | Elf:3    | HP: 9/193 [deep elf archer/arrow (26)]
 35585 | Elf:3    | Killed from afar by a deep elf high priest

Skill      XL: |  1  2  3  4  5  6  7  8  9 10 11 12 13 14 15 16 17 18 |
---------------+-------------------------------------------------------+-----
Unarmed Combat | 5 6 7 9 12 14 15 17 | 17.0
Fighting       | 3 5 6 9 10 11 13 15 | 15.0
Dodging        | 5 6 8 |  8.0
Armour         | 6 7 8 |  8.2
Throwing       | 5 6 7 8 10 | 10.0
Evocations     | 3 4 6 9 |  9.0
Shields        | 2 8 9 |  9.0
Stealth        | |  1.0

Action                   |  1- 3 |  4- 6 |  7- 9 | 10-12 | 13-15 | 16-18 || total
-------------------------+-------+-------+-------+-------+-------+-------++-------
Melee: Unarmed           |   114 |   125 |   301 |   713 |  1116 |   914 ||  3283
       Punch             |     3 |     2 |    13 |    56 |     4 |       ||    78
Throw: Large rock        |       |       |       |     2 |    34 |    52 ||    88
Invok: Sacrifice Love    |       |     1 |       |       |       |       ||     1
       Power Leap        |       |       |       |     1 |     1 |     2 ||     4
       Sacrifice Resista |       |       |       |     1 |       |       ||     1
       Sacrifice Essence |       |       |       |       |     1 |     1 ||     2
       Sacrifice Arcana  |       |       |       |       |     1 |       ||     1
       Apocalypse        |       |       |       |       |     1 |       ||     1
       Sacrifice Purity  |       |       |       |       |       |     1 ||     1
 Abil: Evoke Invisibilit |       |       |       |       |       |     2 ||     2
Evoke: Wand              |       |       |       |     7 |     1 |    16 ||    24
  Use: Scroll            |       |     8 |     4 |    16 |    13 |    17 ||    58
       Potion            |       |       |       |    12 |     6 |    16 ||    34
 Stab: Sleeping          |     1 |     3 |     1 |     2 |     6 |     3 ||    16
       Distracted        |       |       |     1 |     1 |     6 |    11 ||    19
       Paralysed         |       |       |       |     3 |     4 |     9 ||    16
       Invisible         |       |       |       |     2 |    11 |    23 ||    36
  Eat: Chunk             |     5 |    25 |    42 |    67 |   109 |    82 ||   330
       Ration            |     1 |       |       |     1 |     1 |     3 ||     6
Armor: Robe              |    46 |    39 |    99 |   164 |   173 |   144 ||   665
Dodge: Dodged            |    74 |    51 |   177 |   322 |   368 |   259 ||  1251
Block: Shield            |       |       |       |       |   594 |   539 ||  1133
